 Dungeon Crawl Stone Soup version 0.29.0-4-gdea44cf6ec (webtiles) character file.

Game seed: 5195999428047057643

204 qw the Chopper (level 5, -5/33 HPs)
             Began as a Tengu Warper on Aug 28, 2022.
             Slain by an orc wizard
             ... wielding a +0 dagger of electrocution
              (17 damage)
             ... on level 4 of the Dungeon.
             The game lasted 00:00:18 (4016 turns).

qw the Chopper (Tengu Warper)                       Turns: 4016, Time: 00:00:19

Health: -5/33      AC:  8    Str: 13    XL:     5   Next: 82%
Magic:  9/9        EV: 12    Int: 13    God:
Gold:   138        SH:  4    Dex: 14    Spells: 8/8 levels left

rFire   . . .      SeeInvis .   Y - +0 hand axe
rCold   . . .      Faith    .   e - +0 buckler
rNeg    . . .      Spirit   .   h - +0 ring mail
rPois   .          Reflect  .   (helmet restricted)
rElec   .          Harm     .   m - +0 cloak
rCorr   .          Rampage  .   (no gloves)
Will    +....                   (boots unavailable)
Stlth   +.........              (no amulet)
HPRegen 0.11/turn               (no ring)
MPRegen 0.11/turn               (no ring)

@: flying quickly and evasively, quick
A: beak, talons 3, nimble flight, iridescent scales 1, strong-willed 1, robust
1, evolution 1
a: no special abilities


You were on level 4 of the Dungeon.
You visited 1 branch of the dungeon, and saw 4 of its levels.

You collected 138 gold pieces.


Innate Abilities, Weirdness & Mutations

You have a beak for a mouth.
You have claws for feet.
Your magical nature lets you fly swiftly and evasively.
You are partially covered in iridescent scales. (AC +2)
You are strong-willed. (Will+)
You are robust. (+10% HP)
You have hidden genetic potential.


   Skills:
 - Level 2.0 Fighting
 + Level 6.2 Axes
 - Level 1.0 Throwing
 - Level 1.1 Armour
 - Level 2.1 Dodging
 - Level 1.0 Shields
 - Level 2.0 Spellcasting
 - Level 2.4 Translocations


You had 8 spell levels left.
You didn't know any spells.
Your spell library contained the following spells:

 Spells                   Type           Power      Damage    Failure   Level
 Blink                    Tloc           14%        N/A       38%         2
 Gell's Gravitas          Tloc           7%         N/A       63%         3
 Lesser Beckoning         Tloc           7%         N/A       63%         3
 Teleport Other           Tloc           7%         N/A       63%         3
 Manifold Assault         Tloc           7%         N/A       100%        5

Inventory:

Hand Weapons
 g - a +0 whip
 Y - a +0 hand axe (weapon)
Armour
 e - a +0 buckler (worn)
 h - a +0 ring mail (worn)
 j - a +0 chain mail
 m - a +0 cloak (worn)
Jewellery
 a - a ring of ice
Potions
 b - a potion of berserk rage {unknown}
 c - a potion of mutation
 d - a potion of resistance
 f - a potion of heal wounds {unknown}
 i - a potion of degeneration {unknown}
 k - a potion of flight {unknown}
 l - a potion of haste {unknown}
 p - a potion of lignification {unknown}

Dungeon Overview and Level Annotations

Branches:
Dungeon (4/15)
 Temple: D:4-7

Altars:
Cheibriados

Shops:
D:2 (


Message History

You closely miss the orc priest. The orc priest barely misses you.
You hit the orc priest but do no damage.
You claw the orc priest.
The orc priest is moderately wounded.
The orc priest hits you but does no damage.
You hit the orc priest.
You peck the orc priest, but do no damage.
The orc priest is heavily wounded.
The orc priest hits you but does no damage.
You hit the orc priest.
The orc priest is severely wounded.
You hit something but do no damage.
You hear some strange, mumbled words.
A magic dart appears from out of thin air!
The magic dart hits you! The orc priest hits you with a +0 whip.
You hit the orc priest. Your kick misses the orc priest.
The orc priest is almost dead.
You barely miss something. You hit something but do no damage.
Something hits you but does no damage. x2
The orc priest hits you but does no damage.
You hit the orc priest but do no damage.
The orc priest is almost dead.
You miss something. You closely miss something.
Something hits you but does no damage. Something barely misses you.
The orc priest hits you but does no damage.
You barely miss the orc priest. Your kick misses the orc priest.
The orc priest is almost dead.
You barely miss something. You miss something.
Something hits you but does no damage. x2
The orc priest hits you with a +0 whip.
You closely miss the orc priest. You claw the orc priest.
You kill the orc priest!
You hit something. You miss something. Something hits you. x2
You miss something. Your kick misses something. You peck something.
You closely miss something. Something hits you but does no damage.
Something hits you.
You are electrocuted!
Ouch! That really hurt!
You die...

... .... #######+#...#
#............
#............
#............
#....{)......
#....@{......
#............ ######
#.........)..
#....####...........# #
#....#..'............ ##
#....#.##............
.###......##............
...'..>................#
..##............########
###


There were no monsters in sight!

Vanquished Creatures
  An orc priest (D:4)
  2 hounds (D:4)
  An orc wizard (D:3)
  A gnoll (D:1)
  2 adders
  A worm (D:2)
  2 dart slugs
  3 orcs (D:3)
  11 bats
  6 endoplasms
  2 giant cockroaches
  5 goblins
  4 hobgoblins
  5 quokkas
  4 ball pythons
  2 frilled lizards (D:1)
  A kobold (D:1)
  2 rats (D:1)
55 creatures vanquished.

Vanquished Creatures (others)
  8 fungi (D:1)
  2 plants (D:1)
10 creatures vanquished.

Grand Total: 65 creatures vanquished

Notes
Turn   | Place    | Note
-------+----------+-------------------------------------------
     0 | D:1      | qw the Tengu Warper began the quest for the Orb.
     0 | D:1      | Reached XP level 1. HP: 12/12 MP: 4/4
     0 | D:1      | 0 ||| qw: Version: 0.1-a-89-g26bdef1
     0 | D:1      | 0 ||| qw: Game counter: 2682
     0 | D:1      | 0 ||| qw: Always use a shield: true
     0 | D:1      | 0 ||| qw: God list: Okawaru
     0 | D:1      | 0 ||| qw: Allow faded altars: false
     0 | D:1      | 0 ||| qw: Do Orc after D:15 true
     0 | D:1      | 0 ||| qw: Do second Lair branch before Depths: true
     0 | D:1      | 0 ||| qw: Lair rune preference: random
     0 | D:1      | 0 ||| qw: Plans: Normal
     0 | D:1      | 0 ||| PLANNING D:1-11
   204 | D:1      | Reached XP level 2. HP: 17/17 MP: 6/6
   264 | D:1      | Reached skill level 3 in Axes
   425 | D:1      | 425 ||| Stepping ~*~*~tactically~*~*~ (stealth).
   431 | D:1      | 431 ||| Stepping ~*~*~tactically~*~*~ (stealth).
   432 | D:1      | 432 ||| Stepping ~*~*~tactically~*~*~ (stealth).
   435 | D:1      | 435 ||| Stepping ~*~*~tactically~*~*~ (stealth).
   436 | D:1      | 436 ||| Stepping ~*~*~tactically~*~*~ (stealth).
   437 | D:1      | 437 ||| Stepping ~*~*~tactically~*~*~ (stealth).
   580 | D:1      | Reached XP level 3. HP: 11/21 MP: 7/7
   773 | D:1      | Reached skill level 4 in Axes
  1236 | D:1      | Found a faded altar of an unknown god.
  1239 | D:1      | 1239 ||| UPGRADING to +0 buckler.
  1244 | D:1      | 1244 ||| UPGRADING to +0 ring mail.
  1254 | D:1      | 1254 ||| DROPPING +0 leather armour.
  1255 | D:1      | 1255 ||| DROPPING ring of flight.
  1256 | D:1      | 1256 ||| READING scroll labelled CITWAICEKH.
  1257 | D:1      | 1257 ||| READING scroll labelled DOCOYH QAOWK.
  1261 | D:1      | 1261 ||| DRINKING 2 amethyst potions.
  1262 | D:1      | 1262 ||| DROPPING scroll of blinking.
  1263 | D:1      | 1263 ||| DROPPING potion of brilliance.
  1322 | D:2      | 1322 ||| STAIRDANCE
  1569 | D:2      | Reached skill level 1 in Shields
  1629 | D:2      | Found Sall's Weapon Boutique.
  1633 | D:2      | 1633 ||| SHOPLISTING +0 morningstar (40 gold, have 19).
  1930 | D:2      | Reached XP level 4. HP: 14/26 MP: 8/8
  2494 | D:2      | 2494 ||| READING scroll labelled TIYNACZINU.
  2495 | D:2      | 2495 ||| DRINKING 2 sedimented grey potions.
  2495 | D:2      | Gained mutation: You are strong-willed. (Will+) [potion of
                  | mutation]
  2495 | D:2      | Gained mutation: You have hidden genetic potential. [potion
                  | of mutation]
  2495 | D:2      | Gained mutation: You are robust. (+10% HP) [potion of
                  | mutation]
  2517 | D:2      | 2517 ||| DRINKING 2 golden potions.
  2679 | D:3      | Identified the +0 helmet of the Sun {Rampage Int-2 Dex+7}
  2832 | D:3      | Reached skill level 5 in Axes
  3056 | D:3      | 3056 ||| Stepping ~*~*~tactically~*~*~ (hiding).
  3058 | D:3      | 3058 ||| Stepping ~*~*~tactically~*~*~ (hiding).
  3511 | D:3      | 3511 ||| UPGRADING to +0 cloak.
  3516 | D:3      | 3516 ||| READING scroll labelled WOOM OP WIAJE.
  3517 | D:3      | 3517 ||| READING scroll labelled FONNEL IWERO.
  3518 | D:3      | 3518 ||| READING scroll labelled ONAR BAOVEPN.
  3656 | D:3      | 3656 ||| READING scroll labelled CAOTWA JACI.
  3657 | D:3      | 3657 ||| READING scroll labelled ALUZ RUXOU.
  3702 | D:4      | Gained mutation: Your magical nature lets you fly swiftly
                  | and evasively. [Tengu growth]
  3702 | D:4      | Reached XP level 5. HP: 33/33 MP: 9/9
  3713 | D:4      | Gained mutation: You are partially covered in iridescent
                  | scales. (AC +2) [hidden potential]
  3802 | D:4      | 3802 ||| Stepping ~*~*~tactically~*~*~ (stealth).
  3804 | D:4      | 3804 ||| Stepping ~*~*~tactically~*~*~ (hiding).
  3957 | D:4      | Found a snail-covered altar of Cheibriados.
  4002 | D:4      | Reached skill level 6 in Axes
  4016 | D:4      | Slain by an orc wizard

Levels and vault maps discovered:
D:1:      amcnicky_arrival_choice, layout_basic,
          shapermc_ecumenical_altar_hornbeckon, minmay_misc_feat_roman,
          chequers_avenue
D:2:      layout_loops_ring, serial_rivers, chequers_serial_rivers_micro_b,
          chequers_serial_rivers_micro_c, chequers_serial_rivers_large_a,
          chequers_serial_rivers_room_a, chequers_serial_rivers_micro_a,
          serial_shops, shop
D:3:      layout_basic
D:4:      layout_basic, nicolae_overflow_crystal_walls, serial_rivers,
          chequers_serial_rivers_micro_c, chequers_serial_rivers_room_b,
          chequers_serial_rivers_micro_b, chequers_serial_rivers_micro_d,
          chequers_serial_rivers_room_a

Skill      XL: |  1  2  3  4  5 |
---------------+----------------+-----
Axes           | 3 4 5 6 |  6.2
Shields        | 1 |  1.0
Fighting       | |  2.0
Throwing       | |  1.0
Armour         | |  1.1
Dodging        | |  2.1
Spellcasting   | |  2.0
Translocations | |  2.4

Action                   |  1- 3 |  4- 6 || total
-------------------------+-------+-------++-------
Melee: Hand axe          |    76 |    78 ||   154
       Peck              |    15 |     9 ||    24
       Kick              |    15 |    21 ||    36
Throw: Boomerang         |     7 |       ||     7
  Use: Scroll            |     2 |     6 ||     8
       Potion            |     1 |     2 ||     3
Armor: Leather armour    |     5 |       ||     5
       Ring mail         |    20 |    37 ||    57
Dodge: Dodged            |    36 |    36 ||    72
Block: Buckler           |     5 |    10 ||    15

Table legend:
 A = Non-vault XP
 B = Vault XP
 C = Vault XP percentage of total XP
 D = Non-vault monster count
 E = Vault monster count
 F = Vault count percentage of total count
                 A         B        C        D         E       F
            +---------+---------+-------+---------+---------+-------
      Total |     292 |       0 |   0.0 |      55 |       0 |   0.0
            +---------+---------+-------+---------+---------+-------
        D:1 |      49 |       0 |   0.0 |      22 |       0 |   0.0
        D:2 |      36 |       0 |   0.0 |      13 |       0 |   0.0
        D:3 |      75 |       0 |   0.0 |      14 |       0 |   0.0
        D:4 |     132 |       0 |   0.0 |       6 |       0 |   0.0
            +---------+---------+-------+---------+---------+-------
